 Dungeon Crawl Stone Soup version 0.26-a0-834-g69557b85cc (webtiles) character file.

Game seed: 7515259637391976651

91 robertstho the Firebug (level 4, 0/24 HPs)
             Began as a Deep Elf Fire Elementalist on Nov 16, 2020.
             Killed by divine providence
             ... invoked by an orc priest
              (12 damage)
             ... on level 3 of the Dungeon.
             The game lasted 00:02:56 (1961 turns).

robertstho the Firebug (Deep Elf Fire Elementalist) Turns: 1961, Time: 00:02:57

Health: 0/24       AC:  3    Str:  5    XL:     4   Next: 33%
Magic:  7/12       EV: 13    Int: 21    God:
Gold:   67         SH:  0    Dex: 15    Spells: 10/11 levels left

rFire    . . .     SeeInvis .   i - +2 hand axe (venom)
rCold    . . .     Faith    .   (no shield)
rNeg     . . .     Spirit   .   a - +0 robe
rPois    .         Reflect  .   (no helmet)
rElec    .         Harm     .   (no cloak)
rCorr    +         Rampage  .   (no gloves)
MR       .....                  m - +0 pair of boots
Stlth    ++........             (no amulet)
HPRegen  0.08/turn              b - ring of resist corrosion
MPRegen  0.13/turn              (no ring)

@: no status effects
A: no striking features
a: no special abilities


You were on level 3 of the Dungeon.
You visited 1 branch of the dungeon, and saw 3 of its levels.

You collected 67 gold pieces.

Inventory:

Hand Weapons
 g - a +0 short sword
 i - a +2 hand axe of venom (weapon)
Armour
 a - a +0 robe (worn)
 m - a +0 pair of boots (worn)
Jewellery
 b - a ring of resist corrosion (left hand)
 e - an uncursed ring of stealth {unknown}
 q - an uncursed ring of fire {unknown}
Wands
 l - a wand of polymorph (17)
Scrolls
 c - 4 scrolls of identify {unknown}
 f - a scroll of enchant armour {unknown}
 h - a scroll of remove curse {unknown}
 j - a scroll of magic mapping {unknown}
 n - a scroll of teleportation {unknown}
 p - a scroll of blinking {unknown}
Potions
 d - a potion of brilliance {unknown}
 k - 2 potions of curing {unknown}
 o - a potion of heal wounds {unknown}


   Skills:
 + Level 2.6 Dodging
 + Level 2.5 Stealth
 * Level 4.1 Spellcasting
 + Level 1.8 Conjurations
 * Level 4.7 Fire Magic


You had 10 spell levels left.
You knew the following spells:

 Your Spells              Type           Power        Failure   Level
a - Foxfire               Conj/Fire      ###.         3%          1

Your spell library contained the following spells:

 Spells                   Type           Power        Failure   Level
 Conjure Flame            Conj/Fire      ###.....     10%         3
 Inner Flame              Hex/Fire       ##......     14%         3
 Sticky Flame             Conj/Fire      ###.....     30%         4
 Fireball                 Conj/Fire      ###.......   65%         5


Dungeon Overview and Level Annotations

Branches:
Dungeon (3/15)

Altars:
Qazlal


Message History

Unknown command.
Casting: Foxfire (safe; 3% risk of failure)
Confirm with . or Enter, or press ? or * to list all spells.
Nothing appears to happen.
The foxfire hits the orc priest.
The orc priest is lightly wounded.
The foxfire hits the orc priest.
The orc priest is heavily wounded.
Unknown command.
Casting: Foxfire (safe; 3% risk of failure)
Confirm with . or Enter, or press ? or * to list all spells.
You don't know that spell.
Sorry, you're not good enough to have a special ability.
Unknown command.
Casting: Foxfire (safe; 3% risk of failure)
Confirm with . or Enter, or press ? or * to list all spells.
You conjure some foxfire!
The orc priest calls down the wrath of Beogh upon you.
Beogh smites you!
Ouch! That really hurt!
You die...

#........##.#
#........##.#
#........##.#
#........##.#
#........##.#
###########.##
.........#
#######..#
#@v....#
#v####.# ..o.
#.# ###).# #.#
#o.# .<# #..#
#.# ...# .#
...#


You could see 2 orc priests.

Vanquished Creatures
  Terence (D:2)
  An adder (D:3)
  An ooze (D:1)
  A dart slug (D:1)
  A leopard gecko (D:3)
  2 orcs (D:3)
  10 bats
  2 giant cockroaches (D:1)
  7 goblins
  6 hobgoblins (D:1)
  A quokka (D:3)
  A ball python (D:2)
  3 frilled lizards (D:1)
  3 kobolds
  6 rats
46 creatures vanquished.

Vanquished Creatures (others)
  132 foxfires
132 creatures vanquished.

Grand Total: 178 creatures vanquished

Notes
Turn   | Place    | Note
-------+----------+-------------------------------------------
     0 | D:1      | robertstho the Deep Elf Fire Elementalist began the quest
                  | for the Orb.
     0 | D:1      | Reached XP level 1. HP: 10/10 MP: 6/6
   319 | D:1      | Reached XP level 2. HP: 15/15 MP: 5/8
   736 | D:1      | Reached XP level 3. HP: 19/19 MP: 6/9
  1417 | D:2      | Found a stormy altar of Qazlal.
  1637 | D:2      | Noticed Terence
  1647 | D:2      | Killed Terence
  1648 | D:2      | Reached XP level 4. HP: 24/24 MP: 2/11
  1961 | D:3      | Killed from afar by an orc priest

Illustrated notes

Levels and vault maps discovered:
D:1:      psy_arrival_basics, layout_loops_ring
D:2:      layout_rooms, nicolae_overflow_crystal_walls, uniq_terence
D:3:      layout_basic, tgw_trog, lemuel_coloured_pillars_altar

Skill      XL: |  1  2  3  4 |
---------------+-------------+-----
Fire Magic     | 4 |  4.7
Spellcasting   | 4 |  4.1
Dodging        | |  2.6
Stealth        | |  2.5
Conjurations   | |  1.8

Action                   |  1- 3 |  4- 6 || total
-------------------------+-------+-------++-------
Melee: Unarmed           |     2 |       ||     2
       Hand axe          |     1 |     2 ||     3
 Cast: Foxfire           |    70 |    12 ||    82
Armor: Robe              |     5 |       ||     5
Dodge: Dodged            |    15 |     2 ||    17

Table legend: (Time is in decaauts)
 A = Elapsed time spent in this place.
 B = Non-inter-level travel time spent in this place.
 C = Inter-level travel time spent in this place.
 D = Time resting spent in this place.
 E = Time spent auto-exploring this place.
 F = Levels seen in this place.
 G = Mean time per level.
                   A        B        C        D        E       F      G
               +--------+--------+--------+--------+--------+-----+--------+
         Total |   1959 |   1925 |     34 |     24 |   1583 |   3 |  653.0 |
       Dungeon |   1959 |   1925 |     34 |     24 |   1583 |   3 |  653.0 |
               +--------+--------+--------+--------+--------+-----+--------+

Top non-repeatable levels by time:
     D:1: 1248 daAuts
     D:2: 519 daAuts
     D:3: 191 daAuts
